 Dungeon Crawl Stone Soup version 0.21.1-1-g345015f (webtiles) character file.

1303 Kagorn the Skirmisher (level 8, 0/73 HPs)
             Began as a Hill Orc Fighter on June 22, 2018.
             Was a Follower of Beogh.
             Succumbed to a killer bee's poison
             ... on level 8 of the Dungeon.
             The game lasted 00:22:51 (5793 turns).

Kagorn the Skirmisher (Hill Orc Fighter)            Turns: 5793, Time: 00:22:51

Health: 0/73       AC: 17    Str: 21    XL:     8   Next: 57%
Magic:  8/8        EV:  7    Int:  8    God:    Beogh [*.....]
Gold:   261        SH: 16    Dex: 10    Spells: 7/7 levels left

rFire    . . .     SeeInvis +   r - +2 flail (protect)
rCold    . . .     Gourm    .   q - +1 large shield {AC+3}
rNeg     . . .     Faith    .   b - +0 scale mail
rPois    .         Spirit   .   (no helmet)
rElec    .         Reflect  .   (no cloak)
rCorr    .         Harm     +   (no gloves)
MR       .....                  (no boots)
Stlth    ..........             t - amulet of harm
HPRegen  0.22/turn              c - ring of see invisible
MPRegen  0.11/turn              (no ring)

@: lethally poisoned (0 -> -3), protection aura, flying
A: no striking features
a: Renounce Religion


You were on level 8 of the Dungeon.
You worshipped Beogh.
Beogh was aware of your devotion.
You were not hungry.

You visited 1 branch of the dungeon, and saw 8 of its levels.

You collected 261 gold pieces.

Inventory:

Hand Weapons
 a - a +0 war axe
 r - a +2 flail of protection (weapon)
Missiles
 o - 4 needles of frenzy
Armour
 b - a +0 scale mail (worn)
 q - a +1 large shield of protection (worn)
Jewellery
 c - a ring of see invisible (left hand)
 t - an amulet of harm (around neck)
Wands
 h - a wand of random effects (42)
 j - a wand of digging (20)
 s - a wand of flame (29)
Scrolls
 g - 3 scrolls of teleportation
 l - 2 scrolls of fear
 m - a scroll of immolation {unknown}
 p - 2 scrolls of remove curse
Potions
 d - 4 potions of might
 i - a potion of cancellation
Comestibles
 f - 12 rations


   Skills:
 * Level 7.4 Fighting
 - Level 5.1(6.1) Axes
 * Level 4.3(5.1) Maces & Flails
 + Level 5.2 Armour
 + Level 2.9 Dodging
 + Level 5.3 Shields


You had 7 spell levels left.
You didn't know any spells.

Dungeon Overview and Level Annotations

Branches:
Dungeon (8/15)             Temple (0/1) D:6
   Lair: D:8-11

Altars:
Dithmenos
Kikubaaqudgha
Makhleb
Nemelex Xobeh
Qazlal
Ru
Trog
Wu Jian
Yredelemnul
Zin

Annotations:
D:7 Dowan


Message History

There is a stone staircase leading up here.
You miss the killer bee. You block the killer bee's attack.
The killer bee stings you but does no damage. x4
The killer bee barely misses you.
You sock the killer bee!
Your weapon exudes an aura of protection.
The killer bee is severely wounded.
You block the killer bee's attack. x2; The killer bee stings you.
* * * LOW HITPOINT WARNING * * *
You are lethally poisoned!
The killer bee poisons you! The killer bee closely misses you.
It was a potion of magic.
Magic courses through your body.
* * * LOW HITPOINT WARNING * * *
You feel sick. You block the killer bee's attack.
The killer bee closely misses you. The killer bee barely misses you.
You block the killer bee's attack.
It was a potion of flight.
You feel very buoyant.
You fly up into the air.
You die...

#....# #....#
#....# #....#
###....# ..
......#....
..####.y...(#
#......@#
#.....y.#
#.#......
#.......
#...##...
..... ....
...#.# .....
..... ......


You could see 2 killer bees.

Vanquished Creatures
  Duvessa (D:7)
  An ogre (D:7)
  Blork the orc (D:6)
  A scorpion (D:4)
  A howler monkey (D:5)
  3 crimson imps
  A bullfrog zombie (D:5)
  A jelly (D:5)
  A bullfrog skeleton (D:7)
  A centaur skeleton (D:5)
  A quasit (D:6)
  An orc priest (D:7)
  A hound (D:6)
  2 orc wizards
  4 iguanas
  5 worker ants
  A worker ant zombie (D:5)
  12 gnolls
  7 adders
  3 shadow imps
  2 worms (D:2)
  3 dart slugs
  5 leopard geckos
  22 orcs
  3 bat zombies (D:7)
  8 giant cockroaches
  10 goblins
  12 hobgoblins
  7 jackals
  2 quokkas
  3 ball pythons
  4 bats
  7 frilled lizards
  A jackal skeleton (D:4)
  6 kobolds
  A leopard gecko skeleton (D:4)
  7 rats
152 creatures vanquished.

Notes
Turn   | Place    | Note
-------+----------+-------------------------------------------
     0 | D:1      | Kagorn the Hill Orc Fighter began the quest for the Orb.
     0 | D:1      | Reached XP level 1. HP: 19/19 MP: 1/1
   158 | D:1      | Reached XP level 2. HP: 23/27 MP: 2/2
   280 | D:1      | Reached skill level 4 in Fighting
   505 | D:1      | Reached XP level 3. HP: 33/33 MP: 3/3
  1213 | D:3      | Reached XP level 4. HP: 21/41 MP: 4/4
  1447 | D:3      | Reached skill level 1 in Dodging
  1745 | D:3      | Reached XP level 5. HP: 45/47 MP: 5/5
  2013 | D:3      | Reached skill level 5 in Fighting
  2679 | D:4      | Reached XP level 6. HP: 53/56 MP: 6/6
  2802 | D:4      | Reached skill level 5 in Axes
  3716 | D:5      | Entered Level 5 of the Dungeon
  3746 | D:5      | Reached skill level 1 in Maces & Flails
  3771 | D:5      | Reached XP level 7. HP: 21/62 MP: 7/7
  4037 | D:5      | Reached skill level 6 in Fighting
  4057 | D:5      | Became a worshipper of Beogh the Brigand
  4796 | D:6      | Found a shadowy altar of Dithmenos.
  4856 | D:6      | Found a staircase to the Ecumenical Temple.
  4861 | D:6      | Noticed Blork the orc
  4872 | D:6      | Killed Blork the orc
  4900 | D:6      | Reached XP level 8. HP: 71/71 MP: 8/8
  5160 | D:6      | Found a bloodstained altar of Trog.
  5228 | D:6      | Found a sacrificial altar of Ru.
  5237 | D:6      | Reached skill level 5 in Shields
  5309 | D:6      | Found a basalt altar of Yredelemnul.
  5309 | D:6      | Found an ornate altar of the Wu Jian Council.
  5309 | D:6      | Found a glowing silver altar of Zin.
  5309 | D:6      | Found a stormy altar of Qazlal.
  5328 | D:6      | Reached * piety under Beogh
  5328 | D:6      | Reached skill level 7 in Fighting
  5339 | D:6      | Found a sparkling altar of Nemelex Xobeh.
  5339 | D:6      | Found a burning altar of Makhleb.
  5597 | D:7      | Reached skill level 5 in Armour
  5705 | D:7      | Found an ancient bone altar of Kikubaaqudgha.
  5748 | D:7      | Noticed Duvessa
  5753 | D:7      | Noticed Dowan
  5768 | D:7      | Killed Duvessa
  5782 | D:7      | HP: 1/73 [killer bee (7)]
  5791 | D:8      | HP: 1/73 [killer bee (7)]
  5793 | D:8      | Succumbed to a killer bee's poison

Skill      XL: |  1  2  3  4  5  6  7  8 |
---------------+-------------------------+-----
Axes           | 3 4 5 |  5.1
Fighting       | 4 5 6 7 |  7.4
Dodging        | 1 2 |  2.9
Shields        | 4 5 |  5.3
Armour         | 4 5 |  5.2
Maces & Flails | 1 3 4 |  4.3

Action                   |  1- 3 |  4- 6 |  7- 9 || total
-------------------------+-------+-------+-------++-------
Melee: War axe           |   154 |   144 |       ||   298
       Flail             |       |   101 |   208 ||   309
Invok: Convert to Beogh  |       |       |     1 ||     1
  Use: Scroll            |       |     7 |     2 ||     9
       Potion            |       |     4 |     4 ||     8
  Eat: Ration            |     1 |     2 |     2 ||     5
Armor: Scale mail        |    64 |   130 |   115 ||   309
Dodge: Dodged            |    65 |   101 |    57 ||   223
Block: Shield            |   100 |    74 |       ||   174
       Large shield      |       |   115 |   243 ||   358
